 Dungeon Crawl Stone Soup version 0.26-a0-639-g72c4674329 (webtiles) character file.

Game seed: 5431584734442773456

113 Colgate the Ogre Mage (level 4, -1/39 HPs)
             Began as an Ogre Hedge Wizard on Sept 17, 2020.
             Was a Follower of Yredelemnul.
             Slain by a leopard gecko (3 damage)
             ... on level 3 of the Dungeon.
             The game lasted 00:28:01 (2617 turns).

Colgate the Ogre Mage (Ogre Hedge Wizard)           Turns: 2617, Time: 00:28:01

Health: -1/39      AC:  3    Str: 11 (14) XL:     4   Next: 96%
Magic:  1/12       EV:  9    Int: 15 (16) God:    Yredelemnul [*.....]
Gold:   221        SH:  0    Dex:  5 (8)  Spells: 10/15 levels left

rFire    . . .     SeeInvis .   a - +0 mace
rCold    . . .     Faith    .   (no shield)
rNeg     . . .     Spirit   .   w - +0 robe
rPois    .         Reflect  .   c - +0 hat
rElec    .         Harm     .   (no cloak)
rCorr    .         Rampage  .   (gloves unavailable)
MR       .....     Rnd*Tele +   (boots unavailable)
Stlth    +.........             (no amulet)
HPRegen  0.13/turn              q - ring of teleportation (curse)
MPRegen  0.13/turn              (no ring)

@: mighty, brilliant, very slightly contaminated, invisible
A: large, unfitting armour, tough skin 1
a: Animate Remains, Renounce Religion


You were on level 3 of the Dungeon.
You worshipped Yredelemnul.
Yredelemnul was aware of your devotion.
You visited 1 branch of the dungeon, and saw 3 of its levels.

You collected 221 gold pieces.

Inventory:

Hand Weapons
 a - a +0 mace (weapon)
 b - a +0 spear
 k - a +0 short sword
 s - a +0 dagger
 z - a cursed +0 hunting sling
Missiles
 d - 146 stones
 l - 37 arrows
 u - 5 javelins (quivered)
Armour
 c - a +0 hat (worn)
 w - a +0 robe (worn)
Jewellery
 q - a cursed ring of teleportation (left hand)
Scrolls
 e - 2 scrolls of magic mapping {unknown}
 g - a scroll of enchant weapon {unknown}
 i - 3 scrolls of teleportation {unknown}
 j - a scroll of random uselessness {unknown}
 m - a scroll of fear {unknown}
 n - 3 scrolls of fog {unknown}
 r - 4 scrolls of identify {unknown}
 v - a scroll of amnesia {unknown}
 x - a scroll of blinking {unknown}
 y - a scroll of remove curse {unknown}
Potions
 o - a potion of degeneration


   Skills:
 + Level 0.0 Fighting
 - Level 1.0 Maces & Flails
 - Level 1.7 Dodging
 - Level 1.4 Stealth
 - Level 6.0 Spellcasting
 - Level 0.8 Conjurations
 - Level 1.0 Summonings
 - Level 0.8 Translocations


You had 10 spell levels left.
You knew the following spells:

 Your Spells              Type           Power        Failure   Level
a - Magic Dart            Conj           ##..         11%         1
b - Blink                 Tloc           N/A          16%         2
c - Call Imp              Summ           ##......     14%         2

Your spell library contained the following spells:

 Spells                   Type           Power        Failure   Level
 Slow                     Hex            #.......     22%         2
 Conjure Flame            Conj/Fire      #.......     36%         3
 Mephitic Cloud           Conj/Pois/Air  #.......     36%         3


Dungeon Overview and Level Annotations

Branches:
Dungeon (3/15)

Altars:
Yredelemnul

Annotations:
D:3 Robin


Innate Abilities, Weirdness & Mutations

You are too large for most types of armour.
You have tough skin. (AC +1)


Message History

The curare-tipped dart hits the goblin.
The goblin is poisoned.
The goblin convulses.
You kill the goblin!
Yredelemnul accepts your kill.
Your Summonings skill increases to level 1!
The leopard gecko closely misses you.
Unknown command.
Okay, then.
Quiver which item? (- for none, * to show all) (? for menu, Esc to quit)
Quivering
u - 6 javelins for throwing.
Throwing (i - inventory. (/) - cycle)
u - 6 javelins (quivered)
Press: ? - help, Shift-Dir - straight line, f - goblin, p - leopard gecko
Aim: a goblin, wielding a +0 dagger and quivering 15 stones You throw a javelin.
The javelin misses the leopard gecko.
The javelin pierces through the goblin but does no damage.
The javelin closely misses the kobold.
The javelin barely misses the goblin.
The leopard gecko hisses menacingly.
The leopard gecko bites you.
You die...
Your body rises from the dead as a mindless zombie. ..###.#####.# #.# r...ggggg.l.#

####l####
##.g##o##.#
#.......#
#..##g# .#
#.##.##l#
#r.##S#
.###.
#.##.#
####.o##5#
.. ..
..##.#
.....go).#
.#
#.#####.#
####.#####
.#
#.#####g#
#. .#
#.@lgK.g#
..
#########
###


You could see a leopard gecko, 3 goblins and a kobold.

Vanquished Creatures
  An orc priest (D:2)
  An orc wizard (D:3)
  2 adders (D:2)
  An ooze (D:1)
  A dart slug (D:1)
  3 leopard geckos
  4 orcs
  4 giant cockroaches
  4 goblins
  2 hobgoblins
  5 kobolds
  6 bats
  4 frilled lizards
  5 rats
43 creatures vanquished.

Vanquished Creatures (collateral kills)
  A dart slug (D:2)
  An orc (D:2)
  A bat (D:2)
3 creatures vanquished.

Vanquished Creatures (others)
  A bat zombie (D:2)
  An adder zombie (D:2)
  A dart slug zombie (D:2)
  A frilled lizard zombie (D:2)
  A giant cockroach zombie (D:2)
  A hobgoblin zombie (D:2)
  A kobold zombie (D:2)
7 creatures vanquished.

Grand Total: 53 creatures vanquished

Notes
Turn   | Place    | Note
-------+----------+-------------------------------------------
     0 | D:1      | Colgate the Ogre Hedge Wizard began the quest for the Orb.
     0 | D:1      | Reached XP level 1. HP: 16/16 MP: 5/5
   190 | D:1      | Reached skill level 4 in Spellcasting
   325 | D:1      | Reached XP level 2. HP: 24/24 MP: 4/7
   331 | D:1      | Learned a level 2 spell: Blink
   334 | D:1      | Learned a level 2 spell: Call Imp
   634 | D:1      | Reached XP level 3. HP: 29/31 MP: 5/9
  1113 | D:2      | Found a faded altar of an unknown god.
  1124 | D:2      | Became a worshipper of Yredelemnul the Dark
  1124 | D:2      | Reached * piety under Yredelemnul
  1213 | D:2      | Reached skill level 5 in Spellcasting
  1897 | D:2      | Reached XP level 4. HP: 39/39 MP: 8/11
  2555 | D:3      | Noticed Robin
  2575 | D:3      | Reached skill level 6 in Spellcasting
  2610 | D:3      | Reached skill level 1 in Maces & Flails
  2612 | D:3      | HP: 1/39 [leopard gecko (3)]
  2616 | D:3      | Reached skill level 1 in Summonings
  2617 | D:3      | Slain by a leopard gecko

Illustrated notes

Levels and vault maps discovered:
D:1:      dpeg_arrival_stone_temple_mockup, layout_loops_ring, minivault_5,
          minmay_door_square, minmay_tetromino_i4
D:2:      layout_basic, chequers_ecumenical_altar_simple_redux
D:3:      layout_loops_ring, uniq_robin

Skill      XL: |  1  2  3  4 |
---------------+-------------+-----
Spellcasting   | 4 5 6 |  6.0
Maces & Flails | 1 |  1.0
Summonings     | 1 |  1.0
Dodging        | |  1.7
Stealth        | |  1.4
Conjurations   | |  0.8
Translocations | |  0.8

Action                   |  1- 3 |  4- 6 || total
-------------------------+-------+-------++-------
Melee: Dagger            |     6 |       ||     6
       Short sword       |    17 |       ||    17
       Mace              |    15 |    42 ||    57
       Spear             |     1 |     2 ||     3
Throw: Dart              |       |     5 ||     5
       Javelin           |       |     1 ||     1
 Cast: Magic Dart        |    54 |     4 ||    58
       Call Imp          |       |     7 ||     7
       Blink             |       |     5 ||     5
Invok: Animate Remains   |     7 |     1 ||     8
  Use: Potion            |       |     4 ||     4
Armor: Robe              |     8 |    19 ||    27
Dodge: Dodged            |    22 |    47 ||    69

Table legend: (Time is in decaauts)
 A = Elapsed time spent in this place.
 B = Non-inter-level travel time spent in this place.
 C = Inter-level travel time spent in this place.
 D = Time resting spent in this place.
 E = Time spent auto-exploring this place.
 F = Levels seen in this place.
 G = Mean time per level.
                   A        B        C        D        E       F      G
               +--------+--------+--------+--------+--------+-----+--------+
         Total |   3130 |   2929 |    201 |      0 |   2536 |   3 | 1043.3 |
       Dungeon |   3130 |   2929 |    201 |      0 |   2536 |   3 | 1043.3 |
               +--------+--------+--------+--------+--------+-----+--------+

Top non-repeatable levels by time:
     D:2: 1923 daAuts
     D:1: 1039 daAuts
     D:3: 167 daAuts
